 Dungeon Crawl Stone Soup version 0.20-a0-1127-g1289703 (webtiles) character file.

33385 EvilAshe the Grappler (level 13, -1/131 HPs)
             Began as a Troll Hunter on May 18, 2017.
             Was an Elder of Fedhas.
             Succumbed to Sonja's curare-tipped needle
             ... on level 2 of the Lair of Beasts on May 19, 2017.
             The game lasted 00:45:24 (15340 turns).

EvilAshe the Grappler (Troll Hunter)               Turns: 15340, Time: 00:45:24

Health: -1/131     AC: 14    Str: 23    XL:     13   Next: 36%
Magic:  16/16      EV: 13    Int:  7    God:    Fedhas [****..]
Gold:   787        SH:  5    Dex: 17    Spells: 12/12 levels left

rFire    . . .     SeeInvis .     - Unarmed
rCold    . . .     Gourm    +   (no shield)
rNeg     + + .     Faith    .   O - +0 pearl dragon scales
rPois    .         Spirit   .   (helmet restricted)
rElec    .         Reflect  +   (no cloak)
rCorr    .         Harm     .   (gloves unavailable)
MR       .....                  (boots unavailable)
Stlth    ..........             K - +5 amulet of reflection
Regen    0.8/turn               o - ring of positive energy
MPRegen  0.2/turn               N - +3 ring of dexterity

@: lethally poisoned (-1 -> -7), slowed, very slow
A: unfitting armour, claws 3, fast metabolism 3, gourmand, regeneration 1,
shaggy fur 1, tough skin 2
a: Fungal Bloom, Evolution, Sunlight, Growth, Reproduction, Renounce Religion


You were on level 2 of the Lair of Beasts.
You worshipped Fedhas.
Fedhas was greatly pleased with you.
You were very full.

You visited 2 branches of the dungeon, and saw 15 of its levels.
You also visited: Ice Cave.

You collected 879 gold pieces.
You spent 92 gold pieces at shops.

Inventory:

Missiles
 c - 14 large rocks (quivered)
 d - 3 throwing nets
Armour
 u - a +0 robe of magic resistance
 O - +0 pearl dragon scales (worn)
Jewellery
 e - an uncursed ring of ice
 o - a ring of positive energy (left claw)
 C - an uncursed ring of ice
 K - a +5 amulet of reflection (around neck)
 N - a +3 ring of dexterity (right claw)
 P - an uncursed ring of ice
Wands
 z - a wand of enslavement (5/24)
 L - a wand of flame (17/48)
Scrolls
 h - a scroll of noise {unknown}
 i - 2 scrolls of recharging
 j - 5 scrolls of identify
 m - 9 scrolls of remove curse
 v - 3 scrolls of amnesia
 w - 2 scrolls of immolation
 x - 2 scrolls of teleportation
 y - 3 scrolls of holy word
 D - 4 scrolls of fog
 F - 2 scrolls of enchant armour
 H - a scroll of enchant weapon {unknown}
 J - a scroll of acquirement {unknown}
 M - 2 scrolls of fear {unknown}
 R - a scroll of vulnerability {unknown}
Potions
 a - 9 potions of curing
 b - 3 potions of magic {unknown}
 g - a potion of lignification
 l - a potion of mutation
 n - a potion of resistance
 r - 5 potions of heal wounds
 A - 5 potions of haste
 B - a potion of flight
 E - 2 potions of ambrosia
 I - a potion of invisibility {unknown}
 Q - a potion of might {unknown}
Books
 s - a book of Necromancy

   Spells                             Type                      Level
   a - Pain                           Necromancy                   1
   b - Animate Skeleton               Necromancy                   1
   c - Vampiric Draining              Necromancy                   3
   d - Regeneration                   Charms/Necromancy            3
   e - Animate Dead                   Necromancy                   4
   f - Control Undead                 Necromancy                   4
 t - a book of Geomancy

   Spells                             Type                      Level
   a - Sandblast                      Earth                        1
   b - Passwall                       Transmutation/Earth          2
   c - Stone Arrow                    Conjuration/Earth            3
   d - Petrify                        Transmutation/Earth          4
   e - Lee's Rapid Deconstruction     Earth                        5
 G - a book of Beasts

   Spells                             Type                      Level
   a - Summon Butterflies             Summoning                    1
   b - Call Canine Familiar           Summoning                    3
   c - Summon Ice Beast               Ice/Summoning                4
   d - Summon Mana Viper              Hexes/Summoning              5
   e - Summon Hydra                   Summoning                    7
Comestibles
 f - 11 bread rations
 k - 24 fruits
 p - 7 royal jellies
 q - 5 meat rations


   Skills:
 + Level 9.5 Fighting
 - Level 3.6 Throwing
 + Level 2.8 Armour
 + Level 9.3 Dodging
 - Level 0.3 Stealth
 + Level 14.9 Unarmed Combat
 + Level 5.9 Invocations


You had 12 spell levels left.
You didn't know any spells.

Dungeon Overview and Level Annotations

Branches:
Dungeon (13/15)            Temple (0/1) D:6            Lair (2/6) D:11
 Spider (0/4) Lair:2          Orc (0/2) D:10
  Swamp: Lair:2-4    Shoals: Lair:2-4    Vaults: D:13-14

Altars:
Ashenzari
Cheibriados
Dithmenos
Elyvilon
Fedhas
Makhleb
Nemelex Xobeh
Ru
Sif Muna
Trog
Uskayaw
Yredelemnul
Zin

Shops:
D:6 %   D:10 !   D:11 [   D:12 *

Annotations:
D:8 jotwebe's ghost, novice DrCj
D:13 ArtsTyrian's ghost, journeyman FeMo
Lair:2 Sonja


Innate Abilities, Weirdness & Mutations

You are too large for most types of armour.
You have claws for hands.
Your metabolism is lightning-fast.
You like to eat raw meat.
Your natural rate of healing is unusually fast.
You are covered in fur. (AC +1)
You have very tough skin. (AC +2)


Message History

The eight-headed hydra misses you.
The eight-headed hydra barely misses you.
The eight-headed hydra completely misses you.
The eight-headed hydra bites you but does no damage. x2
The eight-headed hydra bites you!
* * * LOW HITPOINT WARNING * * *
Something releases spores at the porcupine!
The porcupine dies!
Sonja, the Graceful Assassin comes into view.
She is wielding a dagger of distortion.
Sonja shouts!
Sonja moves out of view.
Sonja unwields an uncursed dagger of distortion.
Its appearance distorts for a moment.
Sonja wields an uncursed blowgun.
Sonja shoots a curare-tipped needle.
The curare-tipped needle hits you.
You are lethally poisoned!
You have difficulty breathing.
* * * LOW HITPOINT WARNING * * *
You feel yourself slow down.
You die...
Fedhas appreciates your contribution to the ecosystem.

#..........+
#.....r.(...
#....D...... #+.#
##(##### #P†(...###
##f#.#D..## #### ###
#.####..#.#
##P###.###..####@.###
.....#...><........P##
......................#
#####.......)......##K.P
##.........#.##.# ..
###.##.##..⌠..## . #
#########.....# #
#..######⌠.>.⌠# #
##.#...P#.....#


You could see an eight-headed hydra and Sonja.

Vanquished Creatures
  2 hydras
  Fannar (Lair:2)
  8 two-headed ogres
  An unseen horror (D:12)
  A necromancer (IceCv)
  3 cyclopes
  3 ice statues (IceCv)
  A black mamba (D:11)
  3 spiny frogs (Lair:1)
  2 komodo dragons
  A kobold demonologist (D:12)
  An efreet (D:12)
  A rime drake (Lair:2)
  7 ice devils (IceCv)
  2 trolls (D:12)
  5 hippogriffs
  2 shadows
  A wyvern (D:12)
  Eustachio (D:4)
  A vampire (D:11)
  A wraith (D:12)
  A human (D:7)
  35 yaks
  A hungry ghost (D:12)
  A wandering mushroom (D:12)
  A vampire mosquito (D:9)
  4 hogs (D:7)
  2 wargs (D:9)
  A soldier ant (D:11)
  9 porcupines
  2 water moccasins
  An orc warrior (D:10)
  5 black bears
  10 ice beasts
  A hornet zombie (D:8)
  4 sky beasts
  An eye of draining (D:12)
  4 necrophages
  6 ogres
  6 wolves (Lair:1)
  4 centaurs
  9 crocodiles
  4 big kobolds
  8 bullfrogs
  A gnoll sergeant (D:4)
  2 scorpions (D:8)
  9 killer bees
  4 howler monkeys
  2 electric eels (D:6)
  4 crimson imps
  3 bullfrog zombies
  2 centaur zombies
  A draconian simulacrum (IceCv)
  2 gnoll shamans
  4 jellies
  3 orc priests
  9 hounds
  12 orc wizards
  3 bullfrog skeletons
  3 centaur skeletons
  5 iguanas
  11 worker ants
  A spriggan simulacrum (IceCv)
  4 troll simulacra (IceCv)
  A centaur simulacrum (IceCv)
  A hound zombie (D:3)
  2 hound skeletons
  26 gnolls
  A howler monkey skeleton (D:4)
  2 naga simulacra (IceCv)
  17 adders
  An ogre simulacrum (IceCv)
  2 shadow imps
  2 oozes
  4 worms
  A dart slug (D:2)
  5 leopard geckos
  51 orcs
  5 giant cockroaches
  A goblin (D:2)
  8 hobgoblins
  23 jackals
  3 quokkas
  A ball python (D:3)
  6 bats
  2 frilled lizards
  20 kobolds
  3 rats
441 creatures vanquished.

Vanquished Creatures (collateral kills)
  A black mamba (D:11)
  3 yaks
  A water moccasin (Lair:2)
  2 porcupines
  An orc warrior (D:11)
  An ice beast (D:12)
  A phantom (D:13)
  An ogre (D:11)
  A bullfrog (D:11)
  A killer bee (D:12)
  A hound (D:11)
  An adder (D:12)
  An orc (D:11)
16 creatures vanquished.

Vanquished Creatures (others)
  5 wandering mushrooms
  A plant (Lair:1)
  240 toadstools
246 creatures vanquished.

Grand Total: 703 creatures vanquished

Notes
Turn   | Place    | Note
-------+----------+-------------------------------------------
     0 | D:1      | EvilAshe the Troll Hunter began the quest for the Orb.
     0 | D:1      | Reached XP level 1. HP: 19/19 MP: 0/0
   504 | D:1      | Reached XP level 2. HP: 21/28 MP: 1/1
   592 | D:1      | Reached skill level 1 in Unarmed Combat
  1067 | D:2      | Reached XP level 3. HP: 26/35 MP: 2/2
  1203 | D:2      | Reached skill level 2 in Unarmed Combat
  1411 | D:2      | Reached XP level 4. HP: 44/44 MP: 3/3
  2007 | D:3      | Found a basalt altar of Yredelemnul.
  2103 | D:3      | Reached skill level 3 in Unarmed Combat
  2107 | D:3      | You fall through a shaft for 3 floors!
  2107 | D:6      | Noticed an ogre
  2143 | D:6      | Found Wuokupef's Food Boutique.
  2179 | D:5      | Entered Level 5 of the Dungeon
  2197 | D:5      | Noticed an ogre
  2238 | D:4      | Reached XP level 5. HP: 48/50 MP: 4/4
  2273 | D:4      | Noticed Eustachio
  2298 | D:4      | Killed Eustachio
  2298 | D:4      | Reached skill level 4 in Unarmed Combat
  2298 | D:4      | Reached XP level 6. HP: 55/61 MP: 5/5
  2539 | D:4      | Noticed a dagger
  2539 | D:4      | Noticed a dagger
  3197 | D:4      | Found a hide-covered altar of Uskayaw.
  3405 | D:4      | Reached skill level 5 in Unarmed Combat
  3410 | D:4      | Reached XP level 7. HP: 45/67 MP: 6/6
  3887 | D:4      | Reached skill level 6 in Unarmed Combat
  4079 | D:4      | Reached XP level 8. HP: 37/78 MP: 7/7
  4179 | D:5      | Found a white marble altar of Elyvilon.
  4276 | D:5      | Found a blossoming altar of Fedhas.
  4278 | D:5      | Found a snail-covered altar of Cheibriados.
  4278 | D:5      | Found a bloodstained altar of Trog.
  4281 | D:5      | Found a sparkling altar of Nemelex Xobeh.
  4281 | D:5      | Found a sacrificial altar of Ru.
  4282 | D:5      | Found a shadowy altar of Dithmenos.
  4299 | D:5      | Became a worshipper of Fedhas Madash
  4421 | D:6      | Reached skill level 7 in Unarmed Combat
  5314 | D:6      | Reached skill level 5 in Fighting
  5314 | D:6      | Reached skill level 5 in Dodging
  5314 | D:6      | Reached skill level 8 in Unarmed Combat
  5448 | D:6      | Found a staircase to the Ecumenical Temple.
  6145 | D:7      | Reached XP level 9. HP: 78/88 MP: 8/8
  6226 | D:7      | Reached skill level 9 in Unarmed Combat
  6379 | D:7      | Reached * piety under Fedhas
  6674 | D:8      | Noticed a two-headed ogre
  6680 | D:8      | Killed a two-headed ogre
  6680 | D:8      | Reached skill level 10 in Unarmed Combat
  6680 | D:8      | Reached XP level 10. HP: 98/98 MP: 9/9
  6681 | D:8      | Noticed a two-headed ogre
  6687 | D:8      | Killed a two-headed ogre
  6855 | D:8      | Noticed a two-headed ogre
  7085 | D:8      | Noticed jotwebe's ghost (novice DrCj)
  7406 | D:8      | Killed a two-headed ogre
  7406 | D:8      | Reached skill level 11 in Unarmed Combat
  7822 | D:9      | Found a glowing silver altar of Zin.
  7847 | D:9      | Found a shattered altar of Ashenzari.
  7870 | D:9      | Reached ** piety under Fedhas
  8258 | D:9      | Noticed a two-headed ogre
  8266 | D:9      | Killed a two-headed ogre
  8266 | D:9      | Reached skill level 12 in Unarmed Combat
  8266 | D:9      | Reached XP level 11. HP: 90/109 MP: 7/10
  8342 | D:8      | Found a deep blue altar of Sif Muna.
  8786 | D:9      | Found a burning altar of Makhleb.
  8964 | D:10     | Entered Level 10 of the Dungeon
  9309 | D:10     | Reached skill level 1 in Invocations
  9433 | D:10     | Found a staircase to the Orcish Mines.
 10116 | D:10     | Found Xaheptixt's Distillery.
 10604 | D:11     | Noticed a two-headed ogre
 10617 | D:11     | Killed a two-headed ogre
 10652 | D:11     | Reached skill level 13 in Unarmed Combat
 10969 | D:11     | Noticed a two-headed ogre
 11082 | D:11     | Killed a two-headed ogre
 11103 | D:11     | Reached *** piety under Fedhas
 11291 | D:11     | Noticed a five-headed hydra
 11299 | D:11     | Killed a five-headed hydra
 11299 | D:11     | Reached XP level 12. HP: 121/121 MP: 13/13
 11370 | D:11     | Noticed a two-headed ogre
 11373 | D:11     | Noticed a two-headed ogre
 11376 | D:11     | Killed a two-headed ogre
 11379 | D:11     | Killed a two-headed ogre
 11485 | D:11     | Found a staircase to the Lair.
 11582 | D:11     | Found Herupo's Antique Armour Emporium.
 11590 | D:11     | Bought a runed robe for 92 gold pieces
 11831 | D:12     | Found a frozen archway.
 11878 | IceCv    | Entered an ice cave
 12649 | IceCv    | Reached skill level 14 in Unarmed Combat
 12764 | D:12     | Reached skill level 5 in Invocations
 13436 | D:12     | Found Qeuphis's Serpentskin Sales.
 13472 | D:12     | Reached skill level 1 in Armour
 13681 | D:13     | Reached XP level 13. HP: 124/130 MP: 16/16
 13688 | D:13     | Noticed ArtsTyrian's ghost (journeyman FeMo)
 14062 | Lair:1   | Entered Level 1 of the Lair of Beasts
 14074 | D:11     | Reached **** piety under Fedhas
 15102 | Lair:2   | Noticed Fannar
 15112 | Lair:2   | Killed Fannar
 15278 | Lair:2   | Found a hole to the Spider Nest.
 15336 | Lair:2   | HP: 3/131 [eight-headed hydra (8)]
 15338 | Lair:2   | Noticed Sonja
 15339 | Lair:2   | HP: 1/131 [asphyx]
 15340 | Lair:2   | Succumbed to Sonja's curare-tipped needle

Vault maps used:
D:1:      matt_arrival_spirals
D:3:      marbit_many_paths, minmay_item_behind_shaft
D:4:      lemuel_castle_with_subvaults, dancing_weapons_uskayaw,
          grunt_ministairs_11, uniq_eustachio
D:5:      grunt_temple_overflow_open, first_bread
D:6:      minmay_temple_entry_glass, serial_shops, shop, serial_bayou_lake_a
D:7:      grunt_livestock
D:8:      kennysheep_mini, nicolae_lava_and_water
D:9:      zin_scriptorium, lightli_temple_of_fire, grunt_ministairs_6,
          wad_floor_pattern_1, minmay_ruined_shrine
D:10:     david_orc_3, serial_shops, kennysheep_little_box
D:11:     lair_entry_dummy, serial_shops, shop
D:12:     portal_ice_cave_entry_ice_beasts, guppyfry_shop_venom
D:13:     cheibrodos_lost_city_excavation,
          hangedman_vaults_entry_quadrant_bands, uniq_snorg
Lair:1:   beast_lair_carwin_large_2, cheibrodos_lair_reptile_den,
          lemuel_fruit_tree
Lair:2:   dummy_spider_entry, wad_woods_03, grunt_megastairs_2, uniq_fannar,
          uniq_sonja
IceCv:    ice_cave_tombish

Skill      XL: |  1  2  3  4  5  6  7  8  9 10 11 12 13 |
---------------+----------------------------------------+-----
Unarmed Combat | 1 2 3 4 5 6 8 10 12 13 14 | 14.9
Fighting       | 2 3 4 5 6 7 8 9 |  9.5
Dodging        | 2 3 4 5 6 7 8 9 |  9.3
Invocations    | 3 5 |  5.9
Armour         | 1 2 |  2.8
Throwing       | |  3.6
Stealth        | |  0.3

Action                   |  1- 3 |  4- 6 |  7- 9 | 10-12 | 13-15 || total
-------------------------+-------+-------+-------+-------+-------++-------
Melee: Unarmed           |    98 |   179 |   310 |   728 |   147 ||  1462
       Punch             |       |     5 |    12 |    53 |     6 ||    76
Throw: Large rock        |       |       |       |     9 |     8 ||    17
Invok: Fungal Bloom      |       |       |     9 |    40 |     8 ||    57
       Evolution         |       |       |       |     7 |     2 ||     9
Evoke: Wand              |       |       |     4 |     5 |     3 ||    12
  Use: Scroll            |       |     2 |     5 |    13 |       ||    20
       Potion            |       |       |       |     1 |     4 ||     5
 Stab: Sleeping          |     1 |     2 |     2 |     5 |       ||    10
       Confused          |       |       |       |     3 |       ||     3
  Eat: Chunk             |    18 |    19 |    29 |    65 |    15 ||   146
       Meat ration       |       |       |       |     1 |       ||     1
Armor: Robe              |    25 |    61 |    74 |   110 |       ||   270
       Pearl dragon scal |       |       |       |    24 |    70 ||    94
Dodge: Dodged            |    38 |   102 |   178 |   372 |    97 ||   787
Block: Other             |       |       |       |    53 |    36 ||    89
       Reflection        |       |       |       |     2 |       ||     2
